 Dungeon Crawl Stone Soup version 0.28-a0-697-g47f3eba078 (webtiles) character file.

Game seed: 16320313723604933139

440 anonymouscript the Chopper (level 7, 0/61 HPs)
             Began as a Hill Orc Fighter on Oct 24, 2021.
             Slain by an ogre (19 damage)
             ... on level 5 of the Dungeon.
             The game lasted 00:24:16 (2567 turns).

anonymouscript the Chopper (Hill Orc Fighter)       Turns: 2567, Time: 00:24:17

Health: 0/61       AC:  9    Str: 20    XL:     7   Next: 2%
Magic:  7/7        EV: 10    Int:  8    God:
Gold:   108        SH:  4    Dex: 11    Spells: 6/6 levels left

rFire   . . .      SeeInvis .   a - +0 war axe
rCold   . . .      Faith    .   c - +0 buckler
rNeg    . . .      Spirit   .   b - +0 scale mail
rPois   .          Reflect  .   k - +0 helmet
rElec   .          Harm     .   (no cloak)
rCorr   .          Rampage  .   (no gloves)
Will    .....                   g - +0 pair of boots
Stlth   ..........              (no amulet)
HPRegen 0.20/turn               (no ring)
MPRegen 0.10/turn               (no ring)

@: no status effects
A: no striking features
a: no special abilities


You were on level 5 of the Dungeon.
You visited 1 branch of the dungeon, and saw 8 of its levels.

You collected 108 gold pieces.

Inventory:

Hand Weapons
 a - a +0 war axe (weapon)
 p - a +0 flail
Missiles
 e - 18 sling bullets
 f - 131 stones (quivered)
Armour
 b - a +0 scale mail (worn)
 c - a +0 buckler (worn)
 g - a +0 pair of boots (worn)
 k - a +0 helmet (worn)
 n - the +1 robe of the Gusle {SInv}
   (You took it off a gnoll on level 4 of the Dungeon)

   SInv:      It lets you see invisible.
Magical Staves
 s - a staff of conjuration
Wands
 i - a wand of flame (14)
 o - a wand of polymorph (5)
Scrolls
 d - a scroll of identify {unknown}
 h - a scroll of silence {unknown}
 j - a scroll of teleportation {unknown}
 m - a scroll of amnesia {unknown}
Potions
 l - a potion of cancellation {unknown}
 q - 2 potions of degeneration {unknown}
 r - a potion of brilliance {unknown}
 t - a potion of flight {unknown}
 u - a potion of might


   Skills:
 + Level 5.3 Fighting
 * Level 7.3 Axes
 - Level 4.3 Armour
 - Level 0.9 Dodging
 - Level 3.6 Shields


You had 6 spell levels left.
You didn't know any spells.
Your spell library was empty.

Dungeon Overview and Level Annotations

Branches:
Dungeon (8/15)
 Temple: D:4-7         Lair: D:8-11

Altars:

Shops:
D:2 *


Message History

Really walk into that teleport trap?
You enter a teleport trap!
The teleport trap disappears.
Your surroundings suddenly seem different.
Found a fuming coppery potion.
An ogre comes into view. It is wielding a +0 giant club.
The ogre shouts!
An adder comes into view.
The adder hisses angrily.
You hit the ogre.
The ogre is moderately wounded.
The ogre closely misses you.
You hit the ogre but do no damage.
The ogre is moderately wounded.
The ogre hits you with a +0 giant club!
You completely miss the ogre.
The ogre is lightly wounded.
You slash the adder! The adder barely misses you. The ogre barely misses you.
The adder bites you but does no damage.
You hit the ogre.
The ogre is heavily wounded.
You miss the adder. You block the adder's attack.
The ogre hits you with a +0 giant club!!
* * * LOW HITPOINT WARNING * * *
You barely miss the ogre.
The ogre is heavily wounded.
You slash the adder!
You kill the adder!
You block the ogre's attack.
You have reached level 7!
You slash the ogre!
The ogre is almost dead.
The ogre misses you.
A kobold comes into view. It is wielding a +0 club.
The kobold shouts!
You hear a shout! x2
The ogre closely misses you.
You barely miss the ogre.
The ogre is almost dead.
The kobold throws a stone.
You block the stone.
The ogre hits you with a +0 giant club!!
You die...

#...##..#..#
.....#. #
#.......##
......#
###....####..
......
##..........
.....
..##....#####..
.....
......#.#####..
....
...............
....
......#O....K..
....###@.####..
.... #...# ...
...### . .....
......# .....#
....# ....


You could see an ogre and a kobold.

Vanquished Creatures
  A phantom (D:7)
  2 scorpions
  A wight (D:7)
  A jelly (D:4)
  An orc wizard (D:4)
  Ijyb (D:5)
  An iguana (D:6)
  4 gnolls (D:4)
  2 adders
  A howler monkey skeleton (D:4)
  2 adder skeletons
  A worm (D:3)
  A dart slug (D:4)
  5 orcs
  3 ball pythons
  3 endoplasms
  2 giant cockroaches
  A hobgoblin (D:3)
  3 jackals (D:3)
  2 kobolds
  2 quokkas (D:3)
  2 frilled lizards (D:3)
  A quokka skeleton (D:4)
  A rat (D:3)
44 creatures vanquished.

Notes
Turn   | Place    | Note
-------+----------+-------------------------------------------
     0 | D:1      | anonymouscript the Hill Orc Fighter began the quest for the
                  | Orb.
     0 | D:1      | Reached XP level 1. HP: 19/19 MP: 1/1
    21 | D:2      | Found Qeff's Assorted Antiques.
   130 | D:3      | Reached XP level 2. HP: 10/27 MP: 2/2
   332 | D:3      | Reached skill level 3 in Axes
   680 | D:3      | Reached XP level 3. HP: 30/33 MP: 3/3
   761 | D:4      | Reached XP level 4. HP: 17/40 MP: 4/4
   941 | D:4      | Reached skill level 4 in Axes
  1343 | D:4      | Identified the +1 robe of the Gusle {SInv}
  1385 | D:4      | Reached skill level 5 in Axes
  1385 | D:4      | Reached XP level 5. HP: 46/46 MP: 5/5
  1422 | D:4      | Noticed a necrophage
  1432 | D:5      | Entered Level 5 of the Dungeon
  1440 | D:5      | Noticed Ijyb
  1452 | D:5      | Killed Ijyb
  1533 | D:5      | Noticed a sky beast
  1837 | D:4      | Reached skill level 6 in Axes
  1837 | D:4      | Reached XP level 6. HP: 41/53 MP: 6/6
  2341 | D:7      | Reached skill level 5 in Fighting
  2341 | D:7      | Reached skill level 7 in Axes
  2459 | D:8      | Noticed a water moccasin
  2459 | D:8      | Noticed a sky beast
  2476 | D:7      | Noticed a yak
  2477 | D:7      | Noticed a yak
  2477 | D:7      | Noticed a yak
  2477 | D:7      | Noticed a yak
  2478 | D:7      | Noticed a yak
  2556 | D:5      | Reached XP level 7. HP: 17/61 MP: 7/7
  2567 | D:5      | Slain by an ogre

Illustrated notes

Levels and vault maps discovered:
D:1:      minmay_arrival_open_corners, layout_basic,
          shapermc_ecumenical_altar_totnotflames, minmay_tromino_v7
D:2:      layout_loops_cross, serial_shops, shop_fountains
D:3:      minmay_razor_zed, layout_loops_ring, uniq_jessica
D:4:      layout_loops_ring
D:5:      layout_rooms, minmay_temple_entry_mini_moons, uniq_ijyb
D:6:      layout_loops_ring, mrwooster_statue_mirror, grunt_decor_cap
D:7:      layout_rooms, serial_shops, nicolae_shop_crystal,
          minmay_fractal_squares_diagonal_5, uniq_menkaure
D:8:      layout_rooms, corner_web_ring, uniq_pikel, uniq_erica, uniq_grum

Skill      XL: |  1  2  3  4  5  6 |
---------------+-------------------+-----
Axes           | 3 5 6 7 |  7.3
Fighting       | 4 5 |  5.3
Armour         | 4 |  4.3
Dodging        | |  0.9
Shields        | |  3.6

Action                   |  1- 3 |  4- 6 |  7- 9 || total
-------------------------+-------+-------+-------++-------
Melee: War axe           |    44 |   100 |     2 ||   146
Evoke: Wand              |       |     5 |       ||     5
  Use: Potion            |       |     1 |       ||     1
Armor: Scale mail        |    21 |    48 |       ||    69
Dodge: Dodged            |    22 |    29 |     2 ||    53
Block: Buckler           |     9 |    22 |     1 ||    32

Table legend: (Time is in decaauts)
 A = Elapsed time spent in this place.
 B = Non-inter-level travel time spent in this place.
 C = Inter-level travel time spent in this place.
 D = Time resting spent in this place.
 E = Time spent auto-exploring this place.
 F = Levels seen in this place.
 G = Mean time per level.
                   A        B        C        D        E       F      G
               +--------+--------+--------+--------+--------+-----+--------+
         Total |   2616 |   2616 |      0 |   1221 |    179 |   8 |  327.0 |
       Dungeon |   2616 |   2616 |      0 |   1221 |    179 |   8 |  327.0 |
               +--------+--------+--------+--------+--------+-----+--------+

Top non-repeatable levels by time:
     D:3: 1143 daAuts
     D:4: 711 daAuts
     D:6: 277 daAuts
     D:5: 201 daAuts
     D:7: 182 daAuts
     D:2: 83 daAuts
     D:1: 15 daAuts
     D:8: 1 daAuts
